AoeStats
← LethalHubris

Coastal Forest

511667584Analyzed
2v2 RM · 12d ago on Oct 6, 2026· 61m 16s· 4 players
Game mode
Random Map
Map size
Medium (4 player)
Population
200
Speed
Normal
Resources
Standard
Victory
Conquest
Starting age
Dark Age
Ending age
Imperial Age
RankedLock teamsTeams togetherTeam positionsShared explorationLock speedFull tech treeHidden civsTurbo modeCheats
Victory
Defeat
🇺🇸 Wei · United States
1244
+16
🇺🇸 Danes · United States
1232
+17
vs
🇺🇸 Danes · United States
1268
-17
🇦🇷 Danes · Argentina
1227
-16
Stonefoot28
10:45 Feudal Age
10:10 Loom
14:56 Castle Age
12:54 Double-Bit Axe
13:25 Horse Collar
14:01 Stone Mining
18:50 Bow Saw
20:35 Wheelbarrow
20:36 Heavy Plow
21:23 Town Watch
21:47 Gold Mining
24:15 Squires
25:23 Fletching
25:34 Scale Mail Armor
27:36 Hand Cart
29:08 Forging
29:08 Arson
30:42 Chain Mail Armor
30:17 Gambesons
31:30 Iron Casting
31:38 Man-at-Arms
33:08 Gold Shaft Mining
32:30 Long Swordsman
35:55 Imperial Age
35:27 Bodkin Arrow
37:26 Conscription
37:57 Plate Mail Armor
36:51 Two-Handed Swordsman
38:14 Hoardings
38:53 Blast Furnace
38:28 Bracer
37:53 Hamask
38:51 Elite Jomsviking
40:01 Pikeman
40:02 Champion
45:14 Masonry
45:00 Murder Holes
45:06 Halberdier
60:12 Padded Archer Armor
60:19 Scale Barding Armor
62:02 Chain Barding Armor
LethalHubris
8:44 Loom
10:31 Feudal Age
15:11 Castle Age
13:30 Double-Bit Axe
13:26 Horse Collar
14:06 Gold Mining
16:04 Town Watch
17:45 Bow Saw
19:25 Stone Mining
21:05 Wheelbarrow
22:01 Stone Mining
23:15 Fletching
23:36 Bloodlines
27:46 Bodkin Arrow
28:57 Padded Archer Armor
32:35 Imperial Age
32:25 Thumb Ring
33:36 Ballistics
33:21 Bracer
34:08 Parthian Tactics
35:31 Husbandry
37:22 Chemistry
36:32 Masonry
37:56 Gold Shaft Mining
39:41 Town Patrol
39:57 Leather Archer Armor
40:39 Scale Barding Armor
40:44 Forging
41:13 Ring Archer Armor
41:30 Heavy Hei Guang Cavalry
42:31 Chain Barding Armor
43:27 Iron Casting
48:20 Blast Furnace
49:34 Conscription
49:41 Ming Guang Armor
49:18 Tuntian
49:48 Ming Guang Armor
49:59 Hoardings
CoorsBanquet258
11:00 Feudal Age
15:49 Wheelbarrow
15:00 Double-Bit Axe
15:07 Gold Mining
14:58 Horse Collar
20:06 Castle Age
18:37 Loom
22:21 Caravan
30:03 Imperial Age
29:12 Ballistics
30:57 Hand Cart
35:11 Chemistry
37:21 Siege Engineers
37:03 Onager
39:26 Conscription
43:20 Northmen's Fury
44:23 Conscription
46:46 Bow Saw
46:33 Fletching
46:43 Padded Archer Armor
47:16 Bodkin Arrow
47:30 Thumb Ring
46:47 Elite Skirmisher
48:42 Leather Archer Armor
48:29 Bracer
56:04 Capped Ram
57:02 Siege Ram
Cobarde, el perro coraje
6:21 Loom
10:52 Feudal Age
11:43 Double-Bit Axe
16:12 Fishing Lines
18:37 Castle Age
20:43 Gold Mining
21:10 Bow Saw
21:45 Stone Mining
23:10 Wheelbarrow
22:30 Gillnets
23:26 Gold Shaft Mining
24:36 Hand Cart
26:58 Caravan
27:43 Town Watch
32:04 Imperial Age
31:15 Forging
31:05 Scale Mail Armor
31:12 Gambesons
31:27 Squires
31:12 Arson
32:16 Elite Varangian Guard
34:10 Iron Casting
33:50 Chain Mail Armor
34:08 Bloodlines
33:58 Husbandry
33:41 Pikeman
33:51 Heavy Scorpion
37:56 Blast Furnace
37:02 Scale Barding Armor
37:27 Plate Mail Armor
36:27 Halberdier
37:20 Light Cavalry
39:16 Conscription
38:20 Hamask
44:04 Chain Barding Armor
57:11 Capped Ram
Connection lost

Rejoining the realm…

Still unreachable

The connection could not be restored.

Session expired

The server has moved on; the page needs a fresh start.